Map: Blackpink LE

Players

SpeCial

  • Race: Terran Terran
  • League: Master
  • Spawn Location: 1:00

Neeb - Winner!

  • Race: Protoss Protoss
  • Spawn Location: 7:00

Event: IEM Season 12 - PyeongChang

VOD

Have the link to the VOD?

Description

Time

  • Played on: Feb. 4, 2018, 5:52 p.m.
  • Length: 8:57

All games in this series

Show
View Real Time Build Order
Export as new Build Order

SpeCial Terran 

Build Orders: Gas First Reaper Expand, Reaper Expand, MMM Bio 

Get SALT Encoding   

  12  0:00  SCV  
  13  0:13  SCV  
  14  0:19  Supply Depot  
  14  0:25  SCV  
  14  0:27  Refinery  
  15  0:40  SCV  
  16  0:44  Barracks  
  16  0:53  SCV  
  17  1:05  SCV  
  18  1:17  SCV  
  19  1:32  Reaper  
  21  1:33  Orbital Command  
  20  1:43  Command Center  
  20  1:54  Factory  
  20  2:00  SCV  
  21  2:06  Barracks Reactor  
  21  2:09  Supply Depot  
  21  2:12  SCV  
  22  2:17  Refinery  
  22  2:24  SCV  
  23  2:36  SCV  
  24  2:38  Hellion  
  24  2:42  Marine  
  24  2:43  Marine  
  28  2:48  SCV  
  28  2:49  Starport  
  28  3:00  SCV  
  28  3:01  Marine x2  
  30  3:11  Widow Mine  
  31  3:14  SCV  
  30  3:20  Marine  
  31  3:38  Marine  
  31  3:39  Viking, SCV  
  37  3:42  Orbital Command  
  37  3:43  Marine  
  37  3:45  Factory Tech Lab  
  34  3:51  SCV  
  35  3:56  Marine  
  35  4:01  Marine  
  37  4:03  SCV  
  37  4:07  SCV  
  39  4:14  Marine  
  39  4:15  SCV  
  39  4:16  Raven  
  43  4:17  Factory Tech Lab  
  43  4:18  Marine  
  43  4:19  SCV  
  43  4:22  Supply Depot  
  45  4:27  SCV, Barracks  
  45  4:31  Barracks  
  46  4:43  SCV x2, Siege Tank, Marine x2  
  53  4:46  Supply Depot  
  53  4:55  SCV  
  54  5:00  Engineering Bay  
  54  5:08  Supply Depot, SCV x2, Marine x2  
  54  5:09  Supply Depot  
  58  5:20  SCV  
  62  5:22  SCV  
  62  5:24  Starport Reactor  
  62  5:25  Marine  
  62  5:26  Stimpack  
  61  5:30  Terran Infantry Weapons Level 1  
  61  5:32  SCV, Marine x2  
  61  5:34  SCV, Marine  
  66  5:36  Factory Reactor  
  66  5:37  Factory Tech Lab  
  66  5:41  Refinery x2  
  65  5:46  SCV x2  
  67  5:51  Supply Depot  
  67  5:57  Siege Tank  
  67  5:59  Barracks, Combat Shields  
  67  6:00  Barracks  
  67  6:01  SCV  
  67  6:03  SCV  
  72  6:09  Marine x4  
  76  6:20  Medivac  
  76  6:21  Medivac  
  79  6:27  Marine x3  
  79  6:28  SCV x2  
  79  6:29  Supply Depot  
  84  6:37  Supply Depot  
  84  6:43  Marine  
  84  6:45  Marine  
  86  6:50  Marine x4, Medivac  
  86  6:51  Medivac  
  94  6:59  Supply Depot x2, Siege Tank  
  94  7:01  Marine  
  98  7:02  Marine  
  98  7:08  Marine  
  100  7:11  Marine x2  
  102  7:17  Supply Depot x2  
  102  7:20  Marine x3, Medivac  
  107  7:23  Medivac  
  109  7:31  Siege Tank  
  109  7:32  Marine  
  109  7:33  Marine  
  109  7:36  Marine  
  114  7:38  Marine x2  
  114  7:42  Marine  
  117  7:50  Marine x2  
  118  7:54  Marine  
  118  7:56  Marine x2  
  107  7:59  Marine  
  107  8:04  Siege Tank  
  109  8:08  Marine x2  
  109  8:12  Marine  
  112  8:13  Marine  
  112  8:14  Marine  
  112  8:17  Marine  
  115  8:26  Marine x2  
  117  8:30  Marine  
  117  8:31  Marine x2  
  120  8:35  Marine  
Show
View Real Time Build Order
Export as new Build Order

Neeb Protoss - Winner!

Build Orders: 1 Gate Expand, Blink Stalkers, Zealot Archon 

Get SALT Encoding   

  12  0:00  Probe  
  13  0:13  Probe  
  14  0:19  Pylon  
  14  0:25  Probe  
  15  0:38  Probe (Chrono Boost), Gateway  
  16  0:47  Assimilator  
  16  0:48  Probe (Chrono Boost)  
  17  0:52  Probe (Chrono Boost)  
  19  1:04  Probe  
  19  1:16  Probe  
  20  1:24  Nexus  
  20  1:33  Cybernetics Core  
  20  1:35  Probe  
  21  1:41  Assimilator  
  21  1:48  Probe  
  21  1:51  Pylon  
  22  2:00  Probe  
  23  2:07  Adept (Chrono Boost)  
  23  2:11  Warp Gate  
  23  2:12  Probe  
  26  2:24  Probe  
  26  2:26  Adept (Chrono Boost)  
  28  2:34  Twilight Council  
  28  2:36  Probe  
  29  2:37  Probe  
  30  2:44  Adept (Chrono Boost)  
  30  2:48  Probe  
  30  2:49  Probe  
  34  3:00  Probe  
  34  3:01  Probe  
  36  3:10  Blink (Chrono Boost)  
  36  3:12  Probe  
  37  3:13  Probe, Gateway  
  37  3:16  Gateway  
  36  3:24  Probe  
  36  3:25  Probe  
  36  3:27  Stalker (Chrono Boost)  
  38  3:36  Probe  
  38  3:38  Probe  
  40  3:44  Pylon  
  40  3:49  Probe  
  40  3:50  Probe, Stalker (Chrono Boost)  
  42  4:01  Probe  
  42  4:02  Probe, Robotics Facility  
  44  4:11  Assimilator  
  44  4:13  Probe, Assimilator  
  44  4:14  Probe  
  46  4:20  Pylon, Stalker x2  
  50  4:27  Probe  
  50  4:28  Probe  
  50  4:29  Pylon  
  52  4:39  Probe  
  52  4:40  Probe  
  52  4:42  Pylon  
  54  4:49  Observer (Chrono Boost)  
  54  4:50  Nexus  
  54  4:52  Probe, Pylon  
  56  4:57  Forge  
  56  4:58  Probe  
  57  5:02  Observer (Chrono Boost)  
  57  5:06  Stalker  
  60  5:07  Sentry  
  60  5:09  Stalker  
  60  5:11  Probe  
  60  5:12  Probe  
  66  5:17  Charge (Chrono Boost), Protoss Ground Armor Level 1 (Chrono Boost)  
  66  5:23  Probe  
  66  5:24  Probe  
  68  5:34  Gateway  
  68  5:35  Probe  
  69  5:36  Gateway  
  69  5:41  Gateway  
  69  5:43  Sentry x2  
  72  5:51  Gateway  
  72  5:54  Gateway  
  72  5:57  Immortal  
  72  6:00  Pylon  
  76  6:08  Zealot x2  
  76  6:09  Zealot  
  82  6:12  Probe  
  82  6:15  Probe x2  
  85  6:18  Pylon  
  85  6:25  Probe  
  86  6:27  Probe x2  
  86  6:31  Pylon  
  88  6:35  Templar Archives  
  88  6:36  Immortal  
  88  6:37  Probe  
  93  6:42  Zealot x2  
  97  6:50  Zealot x4  
  97  6:53  Pylon  
  105  6:59  Pylon  
  105  7:07  Probe  
  106  7:09  Pylon  
  106  7:14  High Templar x4  
  106  7:15  Zealot x3  
  120  7:17  Warp Prism  
  120  7:19  Archon x2  
  122  7:31  Zealot  
  122  7:33  Nexus  
  122  7:40  Zealot x3  
  128  7:46  Stalker x3  
  128  7:50  Zealot  
  125  8:03  Zealot x4  
  128  8:12  Zealot x4  
  136  8:22  Probe x2  
  139  8:29  High Templar x2  
  139  8:30  Zealot x2  
  139  8:33  Archon  
  143  8:46  Zealot x4  

Tags
 
Add a new tag
Caveats
  • Supply blocks, unpowered buildings, or Contaminate may cause inaccurate times.
  • Supply counts are checked every 10 seconds.